 Dungeon Crawl Stone Soup version 0.17.0-24-gcfadda4 (webtiles) character file.

651 M4edhros the Covert (level 7, 0/43 HPs)
             Began as an Octopode Artificer on Nov 16, 2015.
             Was a Follower of Okawaru.
             Killed from afar by a starcursed mass (5 damage)
             ... with an accursed screaming
             ... on level 1 of the Abyss.
             The game lasted 00:13:20 (5867 turns).

M4edhros the Covert (Octopode Artificer)            Turns: 5867, Time: 00:13:21

Health: 0/43       AC:  7    Str:  8 (11) XL:     7   Next: 53%
Magic:  12/12      EV: 12    Int: 14      God:    Okawaru [*.....]
Gold:   325        SH:  0    Dex: 14      Spells: 0 memorised, 6 levels left

rFire  . . .     SeeInvis .     l - +0 spear
rCold  . . .     Clarity  .     (no shield)
rNeg   . . .     SustAt   .     h - +2 hat
rPois  .         Gourm    .     (no amulet)
rElec  .         Spirit   .     m - ring of wizardry
rCorr  .         Warding  .     t - ring of stealth
rMut   .         Stasis   .     i - +2 ring of protection
MR     .....                    (no ring)
Stlth  ++++++....               (no ring)
                                (no ring)
                                (no ring)
                                (no ring)

@: non-regenerating, badly diseased, not resistant to hostile enchantments, very
stealthy
A: almost no armour, amphibious, 8 rings, constrict 8, thin metallic scales 1,
camouflage 1, screaming 1, gelatinous body 1
a: Heroism, Renounce Religion


You were on level 1 of the Abyss.
You worshipped Okawaru.
Okawaru was aware of your devotion.
You were not hungry.

You visited 2 branches of the dungeon, and saw 7 of its levels.
You visited the Abyss 1 time.
You also visited: Sewer.

You collected 325 gold pieces.

Inventory:

Hand Weapons
 a - a +0 short sword
 l - a +0 spear (weapon)
 C - a +0 vampiric short sword
 D - a +0 hunting sling
 F - a +0 blowgun
 H - a +0 arbalest
Missiles
 j - 17 sling bullets
 k - 182 stones (quivered)
 y - 17 steel sling bullets
 E - 19 poisoned needles
 G - 11 bolts
Armour
 h - a +2 hat (worn)
Jewellery
 i - a +2 ring of protection (on tentacle)
 m - a ring of wizardry (left tentacle)
 t - a ring of stealth (right tentacle)
Wands
 b - a wand of flame (0)
 c - a wand of enslavement (21)
 d - a wand of random effects (6)
 w - a wand of frost (29)
Scrolls
 o - a scroll of recharging
 q - 2 scrolls of enchant weapon
 r - 2 scrolls of fog
 v - 2 scrolls of blinking
 z - a scroll of remove curse
Potions
 f - a potion of brilliance {unknown}
 g - a potion of ambrosia {unknown}
 n - 2 potions of agility
 p - a potion of flight
 s - a potion of might
Comestibles
 e - 3 bread rations
 u - a meat ration
 B - 3 fruits


   Skills:
 + Level 1.1 Fighting
 - Level 1.0 Short Blades
 + Level 0.0 Polearms
 * Level 0.0 Slings
 + Level 2.0 Dodging
 + Level 8.0 Stealth
 + Level 6.9 Evocations


You had 6 spell levels left.
You didn't know any spells.

Dungeon Overview and Level Annotations

Branches:
Dungeon (6/15)             Temple (1/1) D:6

Altars:
Dithmenos
Fedhas
Gozag
Makhleb
Nemelex Xobeh
Okawaru
Qazlal
Xom
Zin

Annotations:
D:5 Alg's ghost, novice DgMo
D:6 WereVolvo's ghost, novice HaHu


Innate Abilities, Weirdness & Mutations

You cannot wear most types of armour.
You are amphibious.
You can wear up to eight rings at the same time.
You can use your tentacles to constrict eight enemies at once.
Your skin changes colour to match your surroundings (Stealth).
Your rubbery body absorbs attacks (AC +1).
You are partially covered in thin metallic scales (AC +2).
You occasionally shout uncontrollably at your foes.


Message History

The ancient zyme barely misses you. The ancient zyme completely misses you.
The ancient zyme hits you. The ancient zyme hits you!
* * * LOW HITPOINT WARNING * * *
Found a ring mail.
Found a fluorescent wand.
A starcursed mass splits.
Found a scroll of magic mapping.
You feel ill.
You see here a fluorescent wand.
Drink which item? (? for menu, Esc to quit)
Okay, then.
w - a wand of frost You see here a scroll of magic mapping.
You feel ill.
The starcursed mass shrieks in your mind.
* * * LOW HITPOINT WARNING * * *
You feel ill.
A starcursed mass splits.
A chorus of shrieks assaults your mind.
You die...
Xom cackles wildly!

#.. ..##
#.#.. ....
.## .. ## #
#...
#.#.###.#
.....#......#
#....@..##
....#..x...##
# # #.##....#
.#
#.###.#.#..#
#........#
#.#.#..#..#
..# . .#.X#
....
..#.#..#.X#
... #..
.#...#.# ##.


You could see 2 starcursed masses and an ancient zyme.

Vanquished Creatures
  Purgy (Sewer)
  An ogre (D:4)
  A scorpion (D:6)
  An orc priest (D:4)
  A giant frog skeleton (D:6)
  2 crimson imps
  A hound (D:4)
  3 orc wizards
  3 worker ants
  An iguana (D:4)
  The ghost of ketsa the Abyss-Baptised, a weakling DsAK of Lugonu (D:3)
  2 adders
  2 oozes
  An adder skeleton (D:4)
  6 giant geckos
  12 orcs
  9 giant cockroaches
  6 goblins
  5 hobgoblins
  2 quokkas (D:2)
  9 bats
  A giant gecko skeleton (D:5)
  A giant gecko zombie (D:5)
  2 giant newts
  5 kobolds
  A quokka skeleton (D:4)
  6 rats
86 creatures vanquished.

Vanquished Creatures (collateral kills)
  3 jackals (D:5)
3 creatures vanquished.

Vanquished Creatures (others)
  A giant frog (D:4)
  A worker ant (D:4)
  An orc wizard (D:4)
  A giant gecko (D:4)
  An orc (D:4)
  A ball python (D:4)
  A goblin (D:1)
7 creatures vanquished.

Grand Total: 96 creatures vanquished

Notes
Turn   | Place    | Note
--------------------------------------------------------------
     0 | D:1      | M4edhros the Octopode Artificer began the quest for the Orb.
     0 | D:1      | Reached XP level 1. HP: 13/13 MP: 3/3
   642 | D:1      | Reached XP level 2. HP: 11/18 MP: 4/4
   894 | D:1      | Reached XP level 3. HP: 23/23 MP: 5/5
   969 | D:1      | Reached skill level 4 in Evocations
  1403 | D:4      | Reached XP level 4. HP: 18/28 MP: 7/7
  1713 | D:5      | Entered Level 5 of the Dungeon
  1751 | D:5      | Found a blossoming altar of Fedhas.
  1753 | D:5      | Noticed Alg's ghost (novice DgMo)
  2085 | D:4      | Reached XP level 5. HP: 25/33 MP: 8/8
  2168 | D:5      | Noticed a sky beast
  2199 | D:6      | Found a glowing drain.
  2264 | D:6      | Reached skill level 5 in Stealth
  2264 | D:6      | Reached skill level 5 in Evocations
  2399 | D:6      | Reached XP level 6. HP: 34/38 MP: 10/10
  2613 | D:6      | Reached skill level 6 in Stealth
  2652 | D:6      | Found a staircase to the Ecumenical Temple.
  2661 | Temple   | Entered the Ecumenical Temple
  2708 | Temple   | Became a worshipper of Xom of Chaos
  2713 | Temple   | Fell from the grace of Xom
  2713 | Temple   | Became a worshipper of Warmaster Okawaru
  2794 | Sewer    | Entered a sewer
  2831 | Sewer    | Noticed Purgy
  2837 | Sewer    | Killed Purgy
  2897 | D:6      | Noticed WereVolvo's ghost (novice HaHu)
  2953 | D:4      | XOM: severe Air miscast
  2954 | D:4      | Noticed a ball lightning
  2995 | D:3      | Noticed ketsa's ghost (weakling DsAK)
  3196 | D:2      | Found a glowing silver altar of Zin.
  4009 | D:3      | Reached skill level 7 in Stealth
  4104 | D:3      | Killed ketsa's ghost
  4104 | D:3      | Reached XP level 7. HP: 27/43 MP: 11/11
  4314 | D:3      | XOM: give mutations
  4314 | D:3      | Gained mutation: You occasionally shout uncontrollably at your foes. [Xom's mischief]
  4314 | D:3      | Gained mutation: You are frail (-10% HP). [Xom's mischief]
  4314 | D:3      | Gained mutation: You are partially covered in thin metallic scales (AC +2). [Xom's mischief]
  4314 | D:3      | Lost mutation: You are frail (-10% HP). [Xom's mischief]
  4696 | D:4      | Noticed an ogre
  4699 | D:4      | Noticed a giant frog
  4710 | D:4      | a giant frog (ally) was killed
  4711 | D:4      | Killed an ogre
  4919 | D:4      | Reached * piety under Okawaru
  4941 | D:4      | Found a shimmering altar of Xom.
  4958 | D:4      | Reached skill level 8 in Stealth
  5044 | D:4      | XOM: medium Hex miscast
  5430 | D:4      | Cast into the Abyss (Xom)
  5451 | Abyss:1  | Noticed a wretched star
  5451 | Abyss:1  | Noticed a starcursed mass
  5455 | Abyss:1  | Noticed an air elemental
  5469 | Abyss:1  | Noticed a ynoxinul
  5513 | Abyss:1  | XOM: mild Fire miscast
  5721 | Abyss:1  | XOM: stat loss: -3 Str (8/11)
  5745 | Abyss:1  | XOM: give mutations
  5745 | Abyss:1  | Gained mutation: You sometimes yell uncontrollably at your foes. [Xom's mischief]
  5745 | Abyss:1  | Lost mutation: You sometimes yell uncontrollably at your foes. [Xom's mischief]
  5796 | Abyss:1  | Noticed a tentacled starspawn
  5841 | Abyss:1  | Noticed a starcursed mass
  5842 | Abyss:1  | Noticed an ancient zyme
  5867 | Abyss:1  | Killed from afar by a starcursed mass

Action                   |  1- 3 |  4- 6 |  7- 9 || total
-------------------------+-------+-------+-------++-------
Melee: Short sword       |    25 |       |       ||    25
       Spear             |    42 |   116 |    53 ||   211
 Fire: Hunting sling     |       |       |     7 ||     7
       Blowgun           |       |       |     5 ||     5
Evoke: Wand              |     2 |    21 |     5 ||    28
  Use: Scroll            |     2 |     9 |     2 ||    13
       Potion            |     1 |     4 |     3 ||     8
 Stab: Sleeping          |     8 |    16 |     5 ||    29
       Distracted        |       |     2 |     1 ||     3
  Eat: Meat ration       |       |     2 |       ||     2
       Chunk             |       |     2 |     2 ||     4
       Pizza             |       |       |     1 ||     1
